 Dungeon Crawl Stone Soup version 0.26-a0-651-gb41185065b (webtiles) character file.

Game seed: 3609152505815353794

75 Irenicus the Digger (level 4, 9/36 HPs)
             Began as a Deep Dwarf Earth Elementalist on Oct 21, 2020.
             Quit the game on level 2 of the Dungeon.
             The game lasted 00:04:04 (699 turns).

Irenicus the Digger (Deep Dwarf Earth Elementalist)  Turns: 699, Time: 00:04:04

Health: 9/36       AC:  6    Str: 12    XL:     4   Next: 11%
Magic:  1/6        EV: 11    Int: 16    God:
Gold:   74         SH:  0    Dex: 13    Spells: 5/6 levels left

rFire    . . .     SeeInvis .   d - +0 whip
rCold    . . .     Faith    .   (no shield)
rNeg     . . .     Spirit   .   a - +0 ring mail
rPois    .         Reflect  .   (no helmet)
rElec    .         Harm     .   c - +0 cloak
rCorr    .         Rampage  .   (no gloves)
MR       .....                  (no boots)
Stlth    +.........             (no amulet)
HPRegen  0.00/turn              (no ring)
MPRegen  0.10/turn              (no ring)

@: mildly poisoned (9 -> 9), non-regenerating
A: damage resistance, heal wounds, sense surroundings 1, no regeneration
a: Heal Wounds


You were on level 2 of the Dungeon.
You visited 1 branch of the dungeon, and saw 2 of its levels.

You collected 74 gold pieces.

Inventory:

Hand Weapons
 d - a +0 whip (weapon)
   (You took it off a kobold on level 1 of the Dungeon)
Missiles
 b - 28 stones (quivered)
Armour
 a - a +0 ring mail (worn)
   (You found it on level 1 of the Dungeon)
 c - a +0 cloak (worn)
   (You found it on level 1 of the Dungeon)
Scrolls
 e - a scroll of identify {unknown}
 g - a scroll of teleportation {unknown}
Potions
 f - a potion of heal wounds {unknown}
 h - a potion of might {unknown}


   Skills:
 - Level 2.1 Dodging
 - Level 2.4 Stealth
 - Level 1.7 Spellcasting
   Level 0.8 Transmutations
 + Level 6.6 Earth Magic


You had 5 spell levels left.
You knew the following spells:

 Your Spells              Type           Power        Failure   Level
a - Sandblast             Erth           ###...       3%          1

Your spell library contained the following spells:

 Spells                   Type           Power        Failure   Level
 Passwall                 Tmut/Erth      ##......     16%         2
 Stone Arrow              Conj/Erth      ##....       36%         3
 Lee's Rapid Deconstruct  Erth           ###.......   65%         5
 Petrify                  Tmut/Erth      ##......     71%         4


Dungeon Overview and Level Annotations

Branches:
Dungeon (2/15)

Altars:


Innate Abilities, Weirdness & Mutations

You are resistant to damage.
You can heal yourself by infusing magical energy.
You passively map a small area around you.
You do not regenerate.


Message History

Unknown command.
The giant cockroach waves its antennae.
The giant cockroach closely misses you.
Casting: Sandblast (safe; 3% risk of failure)
Confirm with . or Enter, or press ? or * to list all spells.
Aiming: Sandblast (safe; 3% risk of failure)
Press: ? - help, Shift-Dir - straight line, f/p - giant cockroach
Aim: a giant cockroach The blast of sand hits the giant cockroach.
The giant cockroach is lightly wounded.
b - 33 stones The giant cockroach bites you.
You now have 0/5 mp.
The giant cockroach bites you but does no damage.
The giant cockroach misses you.
The giant cockroach waves its antennae.
A kobold comes into view. It is wielding a +0 short sword.
The kobold hits you but does no damage. The giant cockroach barely misses you.
Casting: Sandblast (safe; 3% risk of failure)
Confirm with . or Enter, or press ? or * to list all spells.
Aiming: Sandblast (safe; 3% risk of failure)
Press: ? - help, Shift-Dir - straight line, f/p - giant cockroach
Aim: a giant cockroach (lightly wounded)
The blast of sand hits the giant cockroach.
The giant cockroach is heavily wounded.
b - 32 stones The kobold hits you but does no damage.
The giant cockroach bites you but does no damage.
You now have 0/5 mp.
The giant cockroach waves its antennae.
The giant cockroach bites you but does no damage.
Found a stone staircase leading down.
Found a fizzy grey potion.
Found a stone staircase leading down.
The giant cockroach closely misses you.
Casting: Sandblast (safe; 3% risk of failure)
Confirm with . or Enter, or press ? or * to list all spells.
Aiming: Sandblast (safe; 3% risk of failure)
Press: ? - help, Shift-Dir - straight line, f/p - giant cockroach
Aim: a giant cockroach (lightly wounded)
The blast of sand hits the giant cockroach.
You kill the giant cockroach!
b - 31 stones You now have 0/5 mp.
There is a stone staircase leading down here.
A gnoll comes into view. It is wielding a +0 halberd.
An adder and a gnoll come into view.
The adder hisses angrily.
Casting: Sandblast (safe; 3% risk of failure)
Confirm with . or Enter, or press ? or * to list all spells.
Aiming: Sandblast (safe; 3% risk of failure)
Press: ? - help, Shift-Dir - straight line, f - kobold
Aim: a kobold, wielding a +0 short sword The blast of sand hits the kobold.
You kill the kobold!
b - 30 stones The gnoll shouts!
A gnoll comes into view. It is wielding a +0 spear.
You now have 0/5 mp.
Things that are here:
a +0 short sword; 10 gold pieces
There is a stone staircase leading down here.
You see here a giant cockroach corpse.
The adder closely misses you. The adder barely misses you.
Casting: Sandblast (safe; 3% risk of failure)
Confirm with . or Enter, or press ? or * to list all spells.
Aiming: Sandblast (safe; 3% risk of failure)
Press: ? - help, Shift-Dir - straight line, f - adder
Aim: an adder The blast of sand hits the adder!
The adder is almost dead.
b - 29 stones The adder bites you but does no damage.
The adder bites you.
* * * LOW HITPOINT WARNING * * *
You are poisoned.
The adder poisons you!
You take 2 damage, and have 7/28 hp.
You now have 0/5 mp.
There is a stone staircase leading down here.
The adder bites you but does no damage.
You see here a fizzy grey potion.
h - a fizzy grey potion The adder bites you.
The gnoll barely misses you. The adder closely misses you.
The adder bites you but does no damage.
Found a stone staircase leading down.
Casting: Sandblast (safe; 3% risk of failure)
Confirm with . or Enter, or press ? or * to list all spells.
Aiming: Sandblast (safe; 3% risk of failure)
Press: ? - help, Shift-Dir - straight line, f/p - adder
Aim: an adder (severely wounded)
The blast of sand hits the adder!
You kill the adder!
You have reached level 4!
You feel stronger.
b - 28 stones You regained 2 hp, and now have 9/36 hp.
Enter note: Stronger 9/10 times !
The gnoll hits you but does no damage.
You see here an adder corpse.
Are you sure you want to abandon this character and quit the game? (Confirm with "yes".)

#)# #.#.# #g#
#.#># * * *
#g# ##.#.# ,
, #
#.######....#
* *, #.
#.g..[......#
* * *##
#.(#####.g.##
* * , , #..#
##g## * * #
#..# #g# , *
. #g.#
#@###.#### ,
* *
#.........
#####..>.. ,*
##. , ,, , ,
, , * , , * ,
, ,, * * , ,*


You could see 3 gnolls.

Vanquished Creatures
  A gnoll (D:1)
  2 adders (D:2)
  A dart slug (D:1)
  A leopard gecko (D:1)
  8 bats
  5 giant cockroaches
  A goblin (D:1)
  4 hobgoblins (D:1)
  6 jackals (D:1)
  A quokka (D:2)
  4 frilled lizards
  4 kobolds
  4 rats
42 creatures vanquished.

Notes
Turn   | Place    | Note
-------+----------+-------------------------------------------
     0 | D:1      | Irenicus the Deep Dwarf Earth Elementalist began the quest
                  | for the Orb.
     0 | D:1      | Reached XP level 1. HP: 15/15 MP: 3/3
   132 | D:1      | Reached XP level 2. HP: 17/22 MP: 0/4
   154 | D:1      | Reached skill level 5 in Earth Magic
   210 | D:1      | Reached XP level 3. HP: 12/28 MP: 1/5
   358 | D:1      | Reached skill level 6 in Earth Magic
   685 | D:2      | HP: 7/28 [adder (2)]
   697 | D:2      | Reached XP level 4. HP: 9/36 MP: 0/6
   698 | D:2      | Stronger 9/10 times !
   699 | D:2      | Quit the game

Illustrated notes

#g# #.#># * *
* # #g#
##.#g# , , #.
#.######....#
* *, #.#
#.g..[...g..#
* * *##
#.(#####...##
* * , , .
#..# ##g## *
* #. #..# #g#
, * .. #g.#
#†###.#### ,
* *
#.@....... ,
#####..>.. ,*
##. , ,, , ,
, , * , , * ,
, ,, * * , ,*
*


Turn 698 on D:2: Stronger 9/10 times !

Levels and vault maps discovered:
D:1:      shiori_arrival_oz, layout_loops_ring
D:2:      layout_loops_ring

Skill      XL: |  1  2  3 |
---------------+----------+-----
Earth Magic    | 5 6 |  6.6
Dodging        | |  2.1
Stealth        | |  2.4
Spellcasting   | |  1.7
Transmutations | |  0.8

Action                   |  1- 3 |  4- 6 || total
-------------------------+-------+-------++-------
Melee: Unarmed           |    27 |       ||    27
       Whip              |    32 |       ||    32
 Cast: Sandblast         |    50 |     1 ||    51
  Use: Potion            |     1 |       ||     1
Armor: Ring mail         |    57 |     1 ||    58
Dodge: Dodged            |    67 |       ||    67

Table legend: (Time is in decaauts)
 A = Elapsed time spent in this place.
 B = Non-inter-level travel time spent in this place.
 C = Inter-level travel time spent in this place.
 D = Time resting spent in this place.
 E = Time spent auto-exploring this place.
 F = Levels seen in this place.
 G = Mean time per level.
                   A        B        C        D        E       F      G
               +--------+--------+--------+--------+--------+-----+--------+
         Total |    701 |    634 |     67 |      0 |      0 |   2 |  350.5 |
       Dungeon |    701 |    634 |     67 |      0 |      0 |   2 |  350.5 |
               +--------+--------+--------+--------+--------+-----+--------+

Top non-repeatable levels by time:
     D:1: 504 daAuts
     D:2: 196 daAuts

Table legend:
 A = Kills in this place as a percentage of kills in entire the game.
 B = Kills by you in this place as a percentage of kills by you in the entire game.
 C = Kills by friends in this place as a percentage of kills by friends in the entire game.
 D = Other kills in this place as a percentage of other kills in the entire game.
 E = Experience gained in this place as a percentage of experience gained in the entire game.
 F = Experience gained in this place divided by the number of levels of this place that you have seen.
                   A       B       C       D       E      F
               +-------+-------+-------+-------+-------+----------------------
         Total | 100.0 | 100.0 |   N/A |   N/A | 100.0 |  54.0
       Dungeon | 100.0 | 100.0 |   N/A |   N/A | 100.0 |  54.0
               +-------+-------+-------+-------+-------+----------------------
